 Dungeon Crawl Stone Soup version 0.17.0-24-gcfadda4 (webtiles) character file.

51 oplop the Insei (level 3, 0/24 HPs)
             Began as an Octopode Transmuter on Nov 15, 2015.
             Succumbed to an adder's poison
             ... on level 2 of the Dungeon.
             The game lasted 00:02:52 (1743 turns).

oplop the Insei (Octopode Transmuter)               Turns: 1743, Time: 00:02:52

Health: 0/24       AC:  1    Str: 10    XL:     3   Next: 81%
Magic:  6/6        EV: 12    Int: 15    God:
Gold:   132        SH:  0    Dex: 12    Spells: 2 memorised, 4 levels left

rFire  . . .     SeeInvis .       - Unarmed
rCold  . . .     Clarity  .     (no shield)
rNeg   . . .     SustAt   .     (helmet restricted)
rPois  .         Gourm    .     (no amulet)
rElec  .         Spirit   .     (no ring)
rCorr  .         Warding  .     (no ring)
rMut   .         Stasis   .     (no ring)
MR     .....                    (no ring)
Stlth  ++........               (no ring)
                                (no ring)
                                (no ring)
                                (no ring)

@: lethally poisoned (0 -> -8), appendage, not resistant to hostile
enchantments, unstealthy
A: almost no armour, amphibious, 8 rings, constrict 8, tentacle spike 3,
camouflage 1, gelatinous body 1
a: End Transformation


You were on level 2 of the Dungeon.
You were not hungry.
One of your tentacles had a temporary spike.
You visited 1 branch of the dungeon, and saw 2 of its levels.

You collected 132 gold pieces.

Inventory:

Missiles
 a - 17 arrows
Scrolls
 g - 2 scrolls of remove curse {unknown}
 i - 3 scrolls of recharging {unknown}
 j - a scroll of enchant weapon {unknown}
 l - a scroll of teleportation {unknown}
 m - a scroll of identify {unknown}
Potions
 e - 4 potions of curing {unknown}
 f - a potion of brilliance {unknown}
 h - a potion of mutation {unknown}
 n - a potion of heal wounds {unknown}
Books
 b - a book of Changes

   Spells                             Type                      Level
   a - Beastly Appendage              Transmutation                1
   b - Sticks to Snakes               Transmutation                2
   c - Spider Form                    Transmutation/Poison         3
   d - Ice Form                       Ice/Transmutation            4
   e - Blade Hands                    Transmutation                5
Comestibles
 c - a bread ration
 d - a meat ration
 k - a beef jerky


   Skills:
 + Level 2.1 Fighting
 - Level 2.0 Dodging
 - Level 3.0 Unarmed Combat
 + Level 2.5 Spellcasting
 + Level 2.9 Transmutations


You had 4 spell levels left.
You knew the following spells:

 Your Spells              Type           Power        Failure   Level  Hunger
a - Beastly Appendage     Trmt           ##....       8%          1    #......
b - Sticks to Snakes      Trmt           ##........   12%         2    ###....


Dungeon Overview and Level Annotations

Branches:
Dungeon (2/15)

Altars:


Innate Abilities, Weirdness & Mutations

You cannot wear most types of armour.
You are amphibious.
You can wear up to eight rings at the same time.
You can use your tentacles to constrict eight enemies at once.
Your skin changes colour to match your surroundings (Stealth).
Your rubbery body absorbs attacks (AC +1).
One of your tentacles bears a large vicious spike.


Message History

* * * LOW HITPOINT WARNING * * *
You are poisoned.
The adder poisons you!
You closely miss the adder. You grab the adder.
The adder is moderately wounded.
You constrict the adder.
You feel sick. The adder bites you.
* * * LOW HITPOINT WARNING * * *
You are lethally poisoned!
The adder poisons you!
Unknown command.
You barely miss the adder.
The adder is heavily wounded.
You constrict the adder. The adder bites you.
* * * LOW HITPOINT WARNING * * *
Unknown command.
Unknown command.
You tentacle-slap the adder.
The adder is almost dead.
You constrict the adder, but do no damage.
You die...

##### ## ..... .. #######
.# ....... .# #######
#########S####
#.......@....# ##.##
#......#####.##....
#.###..# #.#. ..# #.#
#..# #...#.. #.###>.#
#.#... #####
#......#####.##.# #....
###.##...(...##.#####..#.
#.#####.............#_#
#)# #..####.#####..#.


You could see an adder.

Vanquished Creatures
  An adder (D:2)
  An ooze (D:1)
  A worm (D:2)
  A giant cockroach (D:2)
  4 goblins
  2 hobgoblins (D:1)
  6 kobolds
  A quokka (D:2)
  A ball python (D:1)
  5 bats
  9 rats
32 creatures vanquished.

Vanquished Creatures (collateral kills)
  A worm (D:2)
  A giant cockroach (D:2)
2 creatures vanquished.

Grand Total: 34 creatures vanquished

Notes
Turn   | Place    | Note
--------------------------------------------------------------
     0 | D:1      | oplop the Octopode Transmuter began the quest for the Orb.
     0 | D:1      | Reached XP level 1. HP: 13/13 MP: 3/3
   314 | D:1      | Reached XP level 2. HP: 16/18 MP: 5/5
   318 | D:1      | Learned a level 2 spell: Sticks to Snakes
   923 | D:1      | Reached XP level 3. HP: 20/23 MP: 4/6
  1638 | D:2      | Found a faded altar to an unknown god.
  1742 | D:2      | HP: 1/24 [adder (3)]
  1743 | D:2      | Succumbed to an adder's poison

Action                   || total
-------------------------++-------
Melee: Unarmed           ||    79
 Cast: Beastly Appendage ||     5
       Sticks to Snakes  ||     4
 Stab: Sleeping          ||     6
  Eat: Chunk             ||     3
